 Dungeon Crawl Stone Soup version 0.21-a0-591-g2314aa1 (webtiles) character file.

9 tidbits the Scratcher (level 2, -1/12 HPs)
             Began as a Felid Transmuter on Dec 22, 2017.
             Slain by a rat (3 damage)
             ... on level 1 of the Dungeon.
             The game lasted 00:01:02 (120 turns).

tidbits the Scratcher (Felid Transmuter)             Turns: 120, Time: 00:01:02

Health: -1/12      AC:  1    Str:  6    XL:     2   Next: 6%
Magic:  3/6        EV: 18    Int: 14    God:
Gold:   0          SH:  0    Dex: 16    Spells: 2/5 levels left
                                        Lives:  0   Deaths: 0

rFire    . . .     SeeInvis +     - Unarmed
rCold    . . .     Gourm    .   (shield unavailable)
rNeg     . . .     Faith    .   (armour unavailable)
rPois    .         Spirit   .   (helmet unavailable)
rElec    .         Reflect  .   (cloak unavailable)
rCorr    .         Harm     .   (gloves unavailable)
MR       .....                  (boots unavailable)
Stlth    ++........             (no amulet)
HPRegen  0.04/turn              (no ring)
MPRegen  0.10/turn              (no ring)

@: quick
A: very small, no armour, no weapons or thrown items, stealth, claws 1, fangs 3,
see invisible, carnivore, speed 1, shaggy fur 1, slow metabolism 1, sharp paws
a: no special abilities


You were on level 1 of the Dungeon.
You were not hungry.

You visited 1 branch of the dungeon, and saw 1 of its levels.

Inventory:

Missiles
 a - 24 arrows
Potions
 d - a potion of mutation {unknown}
Books
 b - a book of Changes

   Spells                             Type                      Level
   a - Beastly Appendage              Transmutation                1
   b - Sticks to Snakes               Transmutation                2
   c - Spider Form                    Transmutation/Poison         3
   d - Ice Form                       Ice/Transmutation            4
   e - Blade Hands                    Transmutation                5
Comestibles
 c - 3 rations


   Skills:
 + Level 1.2 Fighting
 + Level 2.9 Dodging
 + Level 3.1 Unarmed Combat
 + Level 2.1 Spellcasting
 + Level 2.4 Transmutations


You had 2 spell levels left.
You knew the following spells:

 Your Spells              Type           Power        Failure   Level  Hunger
e - Beastly Appendage     Tmut           #.....       9%          1    #......
k - Sticks to Snakes      Tmut           #.......     13%         2    ###....


Dungeon Overview and Level Annotations

Branches:
Dungeon (1/15)

Altars:


Innate Abilities, Weirdness & Mutations

You cannot wear armour.
You are incapable of wielding weapons or throwing items.
Your paws allow you to move quietly. (Stealth)
You have sharp claws.
You have razor-sharp teeth.
You have supernaturally acute eyesight. (SInv)
You are carnivorous and can eat meat at any time.
You cover ground quickly.
You are covered in fur. (AC +1)
You have a slow metabolism.
Your sharp claws are effective at attacking unaware monsters.


Message History

Welcome, tidbits the Felid Transmuter.
Will you prevail where others failed? Will you find the Orb of Zot?
Press ? for a list of commands and other information.
Found a staircase leading out of the dungeon.
Found a ration.
Found a ration.
c - 2 rations (gained 1)
Found a smoky green potion.
A kobold comes into view. It is wielding a club.
You see here a ration.
c - 3 rations (gained 1)
You see here a smoky green potion.
d - a smoky green potion
Casting: Beastly Appendage
Confirm with . or Enter, or press ? or * to list all spells.
You grow a pair of large bovine horns.
You scratch the kobold.
You kill the kobold!
Your transformation is almost over.
Your horns disappear.
Found a leather armour.
Found a ring mail.
You see here a ring mail.
Found 13 arrows.
A bat comes into view.
A dart slug comes into view.
The dart slug launches a dart at you. The slug dart hits you!
Ouch! That really hurt!
* * * LOW HITPOINT WARNING * * *
You see here 13 arrows.
Casting: Beastly Appendage
Confirm with . or Enter, or press ? or * to list all spells.
You grow a pair of large bovine horns.
The bat closely misses you. The bat hits you but does no damage.
You miss the bat. You bite the bat, but do no damage.
Your transformation is almost over.
The bat closely misses you. The bat barely misses you. The bat misses you.
The bat barely misses you.
You scratch the bat. Your headbutt misses the bat.
The bat is severely wounded.
The bat closely misses you. The bat completely misses you.
You claw the bat!
You kill the bat!
You scratch the dart slug but do no damage.
The dart slug launches a dart at you. The slug dart hits you!
* * * LOW HITPOINT WARNING * * *
You scratch the dart slug. You headbutt the dart slug.
The dart slug is severely wounded.
You scratch the dart slug. You claw the dart slug.
You kill the dart slug!
You see here a dart slug corpse.
Your horns disappear.
a - 25 arrows (gained 13)
A dart slug comes into view.
Casting: Beastly Appendage
Confirm with . or Enter, or press ? or * to list all spells.
You grow a pair of large bovine horns.
You scratch the dart slug. You bite the dart slug.
The dart slug is heavily wounded.
You completely miss the dart slug.
The dart slug is heavily wounded.
The dart slug barely misses you.
You scratch the dart slug but do no damage.
The dart slug is heavily wounded.
The dart slug barely misses you.
You scratch the dart slug.
You kill the dart slug!
You have reached level 2!
Memorise Sticks to Snakes, consuming 2 spell levels and leaving 2?
You start memorising the spell.
You continue memorising. x2
You finish memorising.
Spell assigned to 'k'.
A giant cockroach comes into view.
Casting: Beastly Appendage
Confirm with . or Enter, or press ? or * to list all spells.
You create a snake!
You now have 24 arrows.
Your transformation is almost over.
Your ball python bites the giant cockroach.
Your ball python grabs the giant cockroach.
Your ball python constricts the giant cockroach.
The giant cockroach closely misses your ball python.
You scratch the giant cockroach.
You kill the giant cockroach!
You swap places.
You see here a giant cockroach corpse.
A rat comes into view.
A goblin comes into view.
A hobgoblin comes into view.
The goblin shouts!
The hobgoblin moves out of view.
The rat barely misses you.
You barely miss the rat.
Your horns disappear.
You scratch the rat.
The rat is moderately wounded.
The rat bites you.
You die...

##############.##.....#
#.. ..#.##.....# #.# #
#g#.##.....# #.# #.
#.#.##.....# #.# #..
#.#†##.....# #.# #...
#.#...†....# #.#
#....##.#.###.#### #.#
#.....rS......# #.#
#...#.@...#..# #
#.....#..# #.....#..#
#.....# .# ##.#### #.#
#.# #.#


You could see a goblin, a rat and a friendly ball python.

Vanquished Creatures
  2 dart slugs (D:1)
  A bat (D:1)
  A giant cockroach (D:1)
  A kobold (D:1)
5 creatures vanquished.

Notes
Turn   | Place    | Note
-------+----------+-------------------------------------------
     0 | D:1      | tidbits the Felid Transmuter began the quest for the Orb.
     0 | D:1      | Reached XP level 1. HP: 9/9 MP: 4/4
   104 | D:1      | Reached XP level 2. HP: 2/12 MP: 4/6
   108 | D:1      | Learned a level 2 spell: Sticks to Snakes
   120 | D:1      | Slain by a rat

Vault maps used:
D:1:      elethiomel_arrival_shortcut, lemuel_old_faithful

Action                   || total
-------------------------++-------
Melee: Unarmed           ||    14
       Bite              ||     2
       Headbutt          ||     1
       Punch             ||     1
 Cast: Beastly Appendage ||     3
       Sticks to Snakes  ||     1
Armor: Skin              ||     1
Dodge: Dodged            ||    10

Table legend:
 A = Spawn XP
 B = Non-spawn XP
 C = Spawn XP percentage of total XP
 D = Spawn monster count
 E = Non-spawn monster count
 F = Spawn count percentage of total count
 G = Total turns spent on level
                    A         B        C        D         E        F      G
               +---------+---------+-------+---------+---------+-------+---------
         Total |       0 |      14 |   0.0 |       0 |       5 |   0.0 |   120
               +---------+---------+-------+---------+---------+-------+---------
           D:1 |       0 |      14 |   0.0 |       0 |       5 |   0.0 |   120
               +---------+---------+-------+---------+---------+-------+---------

Table legend:
 A = Turns spent in this place as a percentage of turns spent in the entire game.
 B = Non-inter-level travel turns spent in this place as a percentage of non-inter-level travel turns spent in the entire game.
 C = Inter-level travel turns spent in this place as a percentage of turns spent in this place.
 D = Turns resting spent in this place as a percentage of non-inter-level travel turns spent in this place.
 E = Turns spent auto-exploring this place as a percentage of non-inter-level travel turns spent in this place.
 F = Non-inter-level travel turns spent in this place divided by the number of levels of this place that you've seen.
                   A       B       C       D       E      F
               +-------+-------+-------+-------+-------+----------------------
         Total | 100.0 | 100.0 |   0.0 |   0.0 |   0.0 | 120.0
       Dungeon | 100.0 | 100.0 |   0.0 |   0.0 |   0.0 | 120.0
               +-------+-------+-------+-------+-------+----------------------

Table legend:
 A = Kills in this place as a percentage of kills in entire the game.
 B = Kills by you in this place as a percentage of kills by you in the entire game.
 C = Kills by friends in this place as a percentage of kills by friends in the entire game.
 D = Other kills in this place as a percentage of other kills in the entire game.
 E = Experience gained in this place as a percentage of experience gained in the entire game.
 F = Experience gained in this place divided by the number of levels of this place that you have seen.
                   A       B       C       D       E      F
               +-------+-------+-------+-------+-------+----------------------
         Total | 100.0 | 100.0 |   N/A |   N/A | 100.0 |  14.0
       Dungeon | 100.0 | 100.0 |   N/A |   N/A | 100.0 |  14.0
               +-------+-------+-------+-------+-------+----------------------

Vault maps used:
D:1:      elethiomel_arrival_shortcut, lemuel_old_faithful
